Map: Arctic Dream LE

Players

qqq - Winner!

  • Race: Protoss Protoss
  • Spawn Location: 5:00

Massa - Winner!

  • Race: Terran Terran
  • League: Platinum
  • Spawn Location: 6:00

MomongaSama

  • Race: Terran Terran
  • Spawn Location: 11:00

Zhmurik

  • Race: Zerg Zerg
  • Spawn Location: 12:00

VOD

Have the link to the VOD?

Description

Time

  • Played on: Oct. 3, 2020, 4:54 p.m.
  • Length: 12:01
Show
View Real Time Build Order
Export as new Build Order

qqq Protoss - Winner!

Build Orders: Cannon Rush 

Get SALT Encoding   

  12  0:00  Probe  
  13  0:16  Probe  
  13  0:20  Pylon  
  14  0:28  Probe  
  15  0:40  Probe  
  16  0:43  Forge  
  16  0:52  Probe  
  17  1:04  Probe  
  18  1:13  Pylon  
  18  1:16  Probe  
  19  1:27  Pylon  
  19  1:34  Photon Cannon  
  19  1:38  Pylon  
  19  1:47  Photon Cannon  
  18  1:54  Photon Cannon  
  16  2:22  Nexus  
  16  2:29  Pylon  
  16  2:35  Probe (Chrono Boost)  
  17  2:48  Probe (Chrono Boost)  
  17  2:49  Gateway  
  17  2:50  Photon Cannon  
  18  2:56  Probe (Chrono Boost)  
  19  3:02  Probe  
  20  3:14  Probe, Assimilator  
  20  3:15  Assimilator  
  21  3:26  Probe  
  21  3:27  Photon Cannon  
  22  3:28  Pylon  
  22  3:38  Probe, Cybernetics Core  
  23  3:44  Probe  
  24  3:50  Probe  
  25  3:59  Probe (Chrono Boost)  
  25  4:02  Probe (Chrono Boost)  
  28  4:11  Probe (Chrono Boost)  
  28  4:12  Probe (Chrono Boost)  
  28  4:15  Stalker  
  28  4:16  Probe (Chrono Boost)  
  31  4:20  Probe  
  33  4:30  Probe (Chrono Boost)  
  34  4:32  Probe (Chrono Boost)  
  35  4:43  Stargate  
  35  4:44  Probe (Chrono Boost)  
  37  4:46  Probe (Chrono Boost)  
  37  4:48  Assimilator  
  37  4:49  Probe (Chrono Boost)  
  37  4:52  Assimilator  
  38  4:53  Probe  
  38  4:57  Stargate  
  38  4:58  Probe  
  38  4:59  Pylon  
  40  5:03  Stalker (Chrono Boost)  
  40  5:05  Probe  
  42  5:10  Probe  
  43  5:18  Pylon  
  43  5:27  Stalker (Chrono Boost)  
  39  5:43  Phoenix (Chrono Boost)  
  41  5:53  Probe (Chrono Boost)  
  41  5:56  Probe (Chrono Boost)  
  43  6:03  Phoenix  
  44  6:05  Probe (Chrono Boost)  
  44  6:09  Probe (Chrono Boost)  
  44  6:10  Probe (Chrono Boost)  
  45  6:18  Probe  
  47  6:19  Probe  
  48  6:27  Phoenix (Chrono Boost)  
  48  6:28  Phoenix (Chrono Boost)  
  48  6:30  Probe  
  48  6:32  Probe  
  54  6:42  Probe  
  54  6:44  Probe, Void Ray (Chrono Boost)  
  56  6:49  Phoenix (Chrono Boost)  
  62  6:55  Probe  
  62  6:56  Probe  
  62  7:20  Photon Cannon  
  62  7:22  Photon Cannon  
  62  7:24  Pylon  
  62  7:28  Pylon  
  62  7:33  Pylon  
  62  7:35  Photon Cannon  
  62  7:38  Pylon  
  62  7:42  Probe  
  61  7:52  Nexus  
  61  7:59  Nexus  
  61  8:02  Phoenix x2  
  65  8:11  Pylon  
  65  8:23  Pylon  
  65  8:25  Fleet Beacon  
  65  8:26  Pylon  
  65  8:28  Stargate  
  65  8:29  Pylon  
  65  8:34  Phoenix  
  65  8:35  Phoenix  
  65  8:38  Pylon  
  65  8:39  Pylon  
  69  8:43  Pylon  
  69  8:55  Photon Cannon  
  69  8:57  Photon Cannon  
  69  8:59  Phoenix  
  69  9:00  Phoenix  
  69  9:01  Photon Cannon  
  73  9:04  Photon Cannon  
  71  9:25  Carrier x2  
  83  10:20  Probe x2  
  85  10:24  Photon Cannon  
  85  10:26  Photon Cannon  
  85  10:29  Photon Cannon, Phoenix x2  
  85  10:32  Probe x2, Photon Cannon  
  85  10:34  Carrier  
  97  10:44  Probe x2  
  99  10:54  Carrier x2  
  99  10:56  Probe x2  
  113  11:08  Probe  
Show
View Real Time Build Order
Export as new Build Order

Massa Terran - Winner!

Build Orders:  

Get SALT Encoding   

  12  0:00  SCV  
  13  0:12  SCV  
  14  0:18  Supply Depot  
  14  0:24  SCV  
  15  0:40  SCV  
  15  0:42  Barracks  
  16  0:48  Refinery  
  16  0:52  SCV  
  17  1:04  SCV  
  18  1:16  SCV  
  19  1:28  SCV  
  19  1:32  Reaper  
  21  1:37  Command Center  
  21  1:43  Orbital Command  
  21  1:55  Supply Depot  
  21  2:04  Marine  
  22  2:08  SCV  
  23  2:21  SCV  
  24  2:28  Factory  
  24  2:35  SCV  
  25  2:46  Barracks Reactor  
  25  2:48  SCV  
  26  2:52  Refinery, Orbital Command  
  26  3:00  SCV  
  27  3:12  SCV  
  28  3:24  SCV  
  29  3:35  Factory  
  29  3:38  Hellion x2  
  29  3:39  Marine  
  34  3:44  Engineering Bay  
  34  3:47  Starport  
  34  3:50  Supply Depot  
  34  3:52  SCV x2  
  36  3:57  Marine  
  36  3:59  Hellion x2  
  41  4:04  SCV  
  42  4:14  Supply Depot  
  42  4:38  Supply Depot  
  42  4:39  SCV x2, Terran Infantry Weapons Level 1  
  42  4:40  Factory Tech Lab  
  42  4:42  Hellion x2  
  42  4:43  Barracks Tech Lab  
  42  4:44  Medivac  
  50  4:49  Barracks  
  50  4:50  Barracks  
  50  4:51  SCV  
  51  4:57  Missile Turret  
  51  5:04  Hellion x2  
  55  5:22  Marauder, Stimpack  
  55  5:25  Hellion x2  
  61  5:43  Marauder  
  61  5:49  Infernal Pre-Igniter  
  63  5:57  SCV  
  63  5:58  SCV  
  63  6:01  Refinery  
  63  6:02  Refinery  
  65  6:10  SCV x2  
  67  6:16  Command Center  
  67  6:35  Starport Tech Lab  
  67  6:37  Siege Tank  
  67  6:39  Barracks Tech Lab  
  66  7:02  Combat Shield  
  66  7:05  Banshee  
  65  7:10  SCV x2  
  67  7:21  Marauder  
  67  7:22  SCV  
  70  7:25  Barracks Reactor  
  70  7:27  SCV  
  70  7:28  Marauder  
  73  7:32  Supply Depot  
  73  7:34  SCV  
  70  7:43  Marauder  
  62  7:48  Banshee  
  62  7:51  Orbital Command  
  65  7:52  SCV x2  
  67  7:59  Marauder  
  67  8:04  SCV x2, Marauder, Command Center  
  73  8:06  Cloaking Field  
  73  8:08  Terran Infantry Armor Level 1  
  73  8:16  SCV x2  
  75  8:20  Refinery  
  75  8:21  Marauder, Marine x2  
  75  8:22  Refinery  
  75  8:26  Marauder  
  81  8:31  Hellion x2  
  85  8:35  Concussive Shells  
  85  8:39  Marine x2  
  85  8:40  Banshee  
  90  8:42  Marauder  
  90  8:46  Marine  
  93  8:53  Supply Depot  
  93  8:57  Supply Depot  
  93  8:59  Supply Depot  
  93  9:03  Supply Depot  
  93  9:04  Supply Depot  
  93  9:07  Supply Depot  
  93  9:14  Marine  
  93  9:15  SCV, Hellion x2, Marauder  
  93  9:16  SCV x2, Marauder, Marine, Siege Tank  
  109  9:22  Banshee  
  108  9:27  SCV  
  108  9:28  SCV x2  
  111  9:32  Marine  
  111  9:33  Marine  
  111  9:36  Hellion x2, Marauder  
  111  9:37  Marine  
  120  9:39  SCV  
  120  9:40  SCV  
  122  9:50  Marine  
  118  9:55  Marauder  
  117  10:05  Medivac  
  117  10:06  Marauder, Marine  
  122  10:08  Marine  
  122  10:13  SCV  
  123  10:14  SCV x2  
  123  10:17  Marauder  
  125  10:24  Marine  
  125  10:25  SCV  
  125  10:26  SCV x2, Marine  
  125  10:27  Marauder  
  132  10:29  Widow Mine x2  
  136  10:35  Medivac  
  136  10:37  SCV  
  136  10:38  SCV x2, Marauder, Siege Tank  
  136  10:42  Marine  
  147  10:43  Marine  
  147  10:47  Supply Depot  
  147  10:48  Marauder, Supply Depot  
  150  10:50  Widow Mine  
  150  10:51  Widow Mine  
  154  11:00  Marauder  
  156  11:09  Medivac  
  156  11:10  Marauder, Siege Tank  
  163  11:15  Supply Depot  
  163  11:21  Marauder  
Show
View Real Time Build Order
Export as new Build Order

MomongaSama Terran 

Build Orders:  

Get SALT Encoding   

  12  0:00  SCV  
  13  0:12  SCV  
  14  0:19  Supply Depot  
  14  0:24  SCV  
  15  0:41  SCV  
  16  0:43  Barracks  
  16  0:46  Refinery  
  16  0:53  SCV  
  17  1:05  SCV  
  18  1:17  SCV  
  19  1:24  Barracks  
  19  1:31  Marine  
  20  1:35  Orbital Command  
  20  1:37  Refinery  
  20  1:48  Supply Depot  
  20  1:49  Marine  
  21  2:00  SCV  
  22  2:01  Factory  
  22  2:07  Marine  
  23  2:15  Barracks Tech Lab  
  23  2:25  Barracks Reactor  
  23  2:34  Marine, Stimpack  
  24  2:47  Starport  
  26  2:51  Widow Mine  
  26  2:52  Marine  
  26  2:53  SCV  
  28  3:01  Marine  
  28  3:02  Marine  
  30  3:05  SCV, Supply Depot  
  31  3:20  Factory Tech Lab  
  31  3:27  Marine  
  31  3:31  Marine x2  
  31  3:32  Medivac  
  36  3:46  Command Center  
  36  3:48  Engineering Bay  
  36  3:49  Marine  
  36  3:50  Marine  
  38  4:03  Marine  
  39  4:11  Supply Depot  
  39  4:21  Starport Reactor  
  39  4:28  Missile Turret  
  39  4:33  Marine x2, Siege Tank  
  39  4:36  Combat Shield  
  44  4:50  Terran Infantry Weapons Level 1  
  44  4:54  SCV  
  45  5:01  Missile Turret  
  45  5:11  Marine, Medivac  
  45  5:12  Marauder  
  50  5:20  Orbital Command  
  50  5:42  SCV  
  51  5:54  SCV  
  52  5:59  Marauder, Marine x2  
  52  6:00  Siege Tank  
  59  6:04  Supply Depot  
  59  6:06  SCV  
  54  6:15  SCV  
  54  6:16  Marine  
  54  6:17  Refinery  
  54  6:18  SCV  
  55  6:20  Supply Depot  
  55  6:21  Marauder  
  55  6:25  Marine  
  52  6:27  SCV, Medivac x2  
  52  6:30  SCV  
  55  6:34  Marine  
  55  6:39  SCV  
  56  6:42  SCV, Marauder, Marine  
  56  6:44  Terran Infantry Armor Level 1  
  59  6:55  Marine, Siege Tank  
  59  6:57  Medivac  
  59  6:58  SCV  
  59  6:59  SCV  
  59  7:00  Marine  
  68  7:03  Marine  
  69  7:12  Marine  
  70  7:17  SCV x2  
  70  7:18  Marine  
  70  7:20  Supply Depot  
  70  7:21  Marauder  
  75  7:29  SCV x2  
  77  7:32  Marine, Medivac  
  77  7:36  Marine  
  81  7:41  SCV  
  81  7:43  Marauder  
  68  7:50  Marine  
  64  7:52  SCV  
  64  7:53  SCV  
  64  7:54  Marine  
  64  7:55  Refinery  
  64  7:57  Supply Depot  
  67  8:02  Medivac  
  67  8:04  SCV, Marauder  
  72  8:08  Marine  
  72  8:11  Marine  
  74  8:25  Marine  
  74  8:26  Marine  
  76  8:29  Marine  
  77  8:43  Marauder  
  77  8:44  Marine, Medivac, Siege Tank  
  77  8:47  Marine  
  86  8:49  Command Center  
  86  8:51  Armory  
  86  8:52  Supply Depot  
  86  8:56  Supply Depot  
  86  8:57  Supply Depot  
  86  9:01  Marine  
  87  9:05  Marauder, Missile Turret  
  89  9:11  Missile Turret  
  89  9:15  Marine  
  90  9:19  Marine  
  79  9:26  Marauder  
  73  9:33  Marine  
  73  9:37  Marine, Siege Tank  
  74  9:38  Liberator  
  77  9:47  Marauder  
  77  9:52  Missile Turret  
  79  9:55  Missile Turret  
  78  10:09  Marauder  
  78  10:11  Siege Tank  
  78  10:12  Planetary Fortress  
  83  10:14  SCV x2  
  85  10:30  Starport x2, Marauder  
  85  10:32  Fusion Core  
  87  10:44  Refinery  
  87  10:45  Refinery  
  87  10:47  Marine x2  
  89  10:51  Marauder  
  80  11:05  Marine  
  72  11:13  Marauder  
  72  11:15  Marine  
  70  11:22  Marine  
  50  11:33  Starport Tech Lab, Marine  
  50  11:34  Marauder  
  50  11:36  Starport Tech Lab  
  51  11:40  Marine  
Show
View Real Time Build Order
Export as new Build Order

Zhmurik Zerg 

Build Orders: Hatch First 

Get SALT Encoding   

  12  0:02  Drone  
  13  0:12  Drone  
  14  0:16  Extractor  
  14  0:17  Drone  
  15  0:22  Overlord  
  15  0:40  Drone x2  
  17  0:49  Drone  
  18  1:00  Hatchery  
  17  1:10  Spawning Pool  
  16  1:18  Drone  
  16  1:19  Drone x2  
  16  1:22  Extractor  
  18  1:38  Overlord  
  16  2:16  Zergling x4  
  16  2:17  Zergling x2  
  19  2:23  Hatchery  
  19  2:24  Roach Warren  
  17  2:31  Metabolic Boost  
  17  2:47  Drone x2  
  19  2:54  Queen  
  19  2:57  Drone  
  22  3:06  Roach  
  24  3:30  Queen  
  26  3:37  Drone x4  
  30  3:56  Extractor  
  30  3:58  Drone x3  
  32  4:09  Ravager  
  33  4:13  Zergling x6  
  36  4:38  Overlord x2  
  36  4:39  Overlord x2  
  36  4:44  Spore Crawler  
  35  4:52  Queen  
  35  4:53  Spore Crawler  
  35  4:56  Queen  
  34  5:32  Roach x2  
  34  5:33  Roach x11  
  58  5:45  Drone x3  
  61  6:19  Drone  
  61  6:20  Drone x5  
  67  6:32  Hatchery  
  66  6:34  Lair  
  47  7:08  Roach  
  47  7:09  Roach x10  
  59  7:18  Drone  
  59  7:19  Drone x3  
  63  7:33  Ravager x2  
  65  7:41  Evolution Chamber  
  65  7:42  Evolution Chamber  
  65  7:44  Glial Reconstitution  
  63  7:49  Drone x4  
  63  7:50  Drone x2  
  69  7:52  Extractor  
  69  7:57  Extractor  
  67  8:06  Hydralisk Den  
  67  8:10  Drone x2  
  67  8:11  Drone x4  
  67  8:12  Drone  
  73  8:19  Drone  
  74  8:39  Overlord x4  
  74  8:42  Baneling Nest  
  73  8:49  Drone  
  73  8:54  Grooved Spines  
  73  8:55  Extractor x2  
  73  8:56  Zerg Missile Weapons Level 1  
  73  9:00  Drone  
  73  9:01  Drone x3  
  74  9:13  Spore Crawler  
  74  9:17  Spine Crawler  
  58  9:39  Hydralisk x7  
  58  9:40  Hydralisk x3  
  58  9:41  Hydralisk  
  78  9:47  Queen  
  68  10:00  Spore Crawler  
  68  10:03  Drone, Spore Crawler  
  68  10:04  Drone x4  
  68  10:05  Muscular Augments  
  66  10:13  Drone x3  
  67  10:16  Centrifical Hooks  
  67  10:25  Drone x2  
  69  10:40  Drone x2  
  69  10:41  Drone  
  72  10:57  Lurker Den  
  72  11:00  Drone  
  72  11:01  Drone x6  
  72  11:04  Zergling x12  
  80  11:05  Zergling x4  
  80  11:06  Nydus Network  
  85  11:24  Baneling x3  
  85  11:25  Baneling x3  
  85  11:26  Baneling  
Tags
 
Add a new tag
Caveats
  • Supply blocks, unpowered buildings, or Contaminate may cause inaccurate times.
  • Supply counts are checked every 10 seconds.